[Event "Weekendtournooi Groningen & PK NOSBO"]
[Site "Groningen, Netherlands"]
[Date "2023.05.18"]
[Round "1.2"]
[White "De Boer, Eelke"]
[Black "Van Foreest, Nanne"]
[Result "1-0"]
[TimeControl "90min + 30sec/move"]
[WhiteTitle "FM"]
[WhiteElo "2293"]
[BlackElo "1914"]

1. e4 c5 2. Nf3 e6 3. d4 cxd4 4. Nxd4 Nf6 5. Nc3 Nc6 6. Ndb5 Bc5 7. Bf4 O-O 8. Bc7 Qe7 9. Bd6 Bxd6 10. Qxd6 Qd8 11. Be2 a6 12. Nc7 Ra7 13. e5 Ne8 14. Nxe8 Rxe8 15. Bf3 Qb6 16. Rb1 Qa5 17. Bxc6 dxc6 18. O-O c5 19. Qb8 Qb6 20. Na4 Qc6 21.
Qxa7 Qxa4 22. Qxc5 Bd7 23. b3 Qe4 24. f3 Qf5 25. Rbd1 Bc6 26. Rd6 h6 27. Rfd1 Qg6 28. Qf2 Qg5 29.
Qe2 Bb5 30. c4 Bc6 31. a4 1-0

[Event "Weekendtournooi Groningen & PK NOSBO"]
[Site "Groningen, Netherlands"]
[Date "2023.05.18"]
[Round "1.4"]
[White "Keuning, Selwin"]
[Black "Sweet, Sandro"]
[Result "1-0"]
[TimeControl "90min + 30sec/move"]
[WhiteElo "2148"]
[BlackElo "1861"]

1. e4 d6 2. d4 Nf6 3. Nc3 g6 4. Be3 Bg7 5. Qd2 O-O 6. O-O-O a6 7. Bh6 Bxh6 8. Qxh6 c5 9.
dxc5 Qa5 10. cxd6 exd6 11. Nf3 Be6 12. Qg5 Qxg5+ 13. Nxg5 Ne8 14. f4 h6 15. Nxe6 fxe6 16. g3 b5 17. Bh3 Kf7 18. f5 e5 19.
fxg6+ Kxg6 20. Nd5 Ra7 21. Bf5+ Kg7 22. Ne3 Nc6 23. c3 Rc7 24. Kb1 Ne7 25. Rhf1 Rc5 26. g4 Rf6 27. h4 Nxf5 28.
Nxf5+ Kg6 29. Ne7+ Kg7 30. Nf5+ Kg6 31. Rd3 Rc4 32. Re3 d5 33. Rfe1 Nc7 34. exd5 Rxg4 35. Ne7+ Kf7 36. Rxe5 Rxh4 37.
d6 Ne6 38. Nd5 Rg6 39. d7 1-0

[Event "Weekendtournooi Groningen & PK NOSBO"]
[Site "Groningen, Netherlands"]
[Date "2023.05.18"]
[Round "1.5"]
[White "Aden, Meino"]
[Black "Hummel, Paul"]
[Result "0-1"]
[TimeControl "90min + 30sec/move"]
[WhiteElo "1897"]
[BlackElo "2152"]

1. d4 g6 2. Bf4 Bg7 3. c3 Nf6 4. Nf3 d6 5. h3 O-O 6. Nbd2 Nbd7 7. e4 e5 8. dxe5 dxe5 9. Be3 Qe7 10.
Bc4 b6 11. b4 Bb7 12. Qb1 a5 13. a3 axb4 14. cxb4 Ne8 15. O-O Nd6 16. Bb3 Nf6 17. Bc2 Nh5 18. g3 f5 19. Bg5 Qd7 20. Kh2 h6 21. Be3 f4 22. gxf4 Nxf4 23. Bxf4 Rxf4 24. Qb3+ Kh7 25. Qe3 Raf8 26.
Rg1 Nc4 0-1

[Event "Weekendtournooi Groningen & PK NOSBO"]
[Site "Groningen, Netherlands"]
[Date "2023.05.18"]
[Round "1.6"]
[White "Labruyere, Roger"]
[Black "Ambrona Navarro, Himar"]
[Result "1/2-1/2"]
[TimeControl "90min + 30sec/move"]
[WhiteElo "2169"]
[BlackElo "1833"]

1. e4 c6 2. d4 d5 3. f3 e6 4. Nc3 Nf6 5. Be3 Bb4 6. e5 Nfd7 7. a3 Ba5 8. f4 O-O 9.
Nf3 f6 10. Bd3 c5 11. O-O Nc6 12. exf6 Nxf6 13. Ne5 cxd4 14. Nxc6 bxc6 15. Bxd4 Bb6 16. Bxb6 axb6 17. Ne2 c5 18.
c3 Ba6 19. Bc2 Ng4 20. Rf3 Qh4 21. h3 Nf6 22. Nc1 Ne4 23. f5 Rad8 24. Nd3 Rxf5 25. Rxf5 exf5 26. Qf3 Bxd3 27. Bxd3 Qf6 28. Rd1 g6 29. Bb1 Qe5 30.
Ba2 Nf6 31. Qd3 Rd7 32. Qa6 Qc7 33. Re1 Qb7 34. Qxb7 Rxb7 35. Re5 c4 36. a4 Kf7 37. b3 cxb3 38. Bxb3 b5 39. Rxd5 Ke7 40. Rxb5 Rxb5 41. axb5 Kd6 42. Bd1 Kc5 43. Be2 Ne4 44.
c4 Nd6 45. Kf2 g5 46. Ke3 Ne4 47.
Bd3 Nd6 48. h4 h6 49. h5 f4+ 50.
Kd2 Ne8 1/2-1/2

[Event "Weekendtournooi Groningen & PK NOSBO"]
[Site "Groningen, Netherlands"]
[Date "2023.05.18"]
[Round "1.7"]
[White "Niemeijer, Leon"]
[Black "Kardoeus, David"]
[Result "0-1"]
[TimeControl "90min + 30sec/move"]
[WhiteElo "1903"]
[BlackElo "2158"]

1. d4 Nf6 2. c4 g6 3. Nc3 Bg7 4. Nf3 O-O 5. g3 d6 6. Bg2 c5 7. O-O Nc6 8. d5 Na5 9. Qd3 a6 10.
Rb1 b5 11. cxb5 axb5 12. Qxb5 Bf5 13. Ra1 Qc7 14. e4 Nxe4 15. Nxe4 Bxe4 16. Qe2 Bxd5 17. Nd2 Bxg2 18. Kxg2 Rfb8 19. Rb1 c4 20. b4 cxb3 21.
axb3 Qc2 22. b4 Nc6 23. b5 d5 24. Qf3 Ne5 25. Qxd5 Rd8 26. Qe4 Qa2 27. Bb2 Ra4 28. Qc2 Qd5+ 29. Kh3 Ra2 30. Qb3 Qd7+ 31. Kg2 Qb7+ 32.
Kh3 Qc8+ 33. Kg2 Qa8+ 34. Kh3 Rxd2 35. b6 Qc8+ 36. Kg2 Qb7+ 37. Kh3 0-1

[Event "Weekendtournooi Groningen & PK NOSBO"]
[Site "Groningen, Netherlands"]
[Date "2023.05.18"]
[Round "1.8"]
[White "Noordenbos, Daan"]
[Black "Klooster, Jim"]
[Result "1/2-1/2"]
[TimeControl "90min + 30sec/move"]
[WhiteElo "2076"]
[BlackElo "1887"]

1. e4 c5 2. Nf3 e6 3. d4 cxd4 4. Nxd4 Nc6 5. Nc3 a6 6. a3 Qc7 7. Be3 Nf6 8. Be2
Be7 9. Qd2 b5 10. f4 Nxd4 11. Qxd4 Bb7 12. Bf3 Rc8 13. Rd1 Bxa3 14. Nxb5 Qa5+
15. Bd2 Qxb5 16. bxa3 Bxe4 17. Bxe4 Rc4 18. Bd3 Rxd4 19. Bxb5 axb5 20. Rb1 Nd5
21. Rxb5 Ke7 22. Bb4+ Kf6 23. O-O Rc8 24. Bd6 Rd2 25. Rc5 Rxc5 26. Bxc5 Rxc2 27. Bd4+ Ke7 28. g3 Ra2 29. Rb1 g6 30. Bc5+ Kf6 31. Rb7 Rc2 32. Bd6 Kf5 33. Rxd7 Kg4 34. Rb7 Kf3 35. Rb1 Ne3 36. Bb8 Rg2+ 37. Kh1 Ra2 38. Ba7 Rxa3 39. Bxe3 Rxe3 40. Kg1 f6 41. Rf1+ Kg4 42. Rf2 h5 43. Kg2 Kf5 44. Ra2 g5 45. Ra5+ e5 46. fxe5 Rxe5 47. Ra2 g4 48. Rf2+ Kg5 49. Ra2 h4 50. gxh4+ Kxh4 51. Rb2 f5 52. h3 gxh3+ 53. Kf3 Re1 54. Rb8 Kg5 55. Rg8+ Kf6 56. Rh8 Ra1 57. Rf8+ Kg6 58. Kg3 Ra3+ 59. Kh2 Kg5 60. Rb8 Kg4 61. Rg8+ Kf4 62. Rg7 Rf3 63. Rg8 Ke3 64. Ra8 f4 65. Ra3+ Ke4 66. Ra4+ Kf5 67. Ra8 Rg3 68. Rf8+ Kg4 69. Rg8+ Kf3 70. Ra8 Rg2+ 71. Kxh3 1/2-1/2

[Event "Weekendtournooi Groningen & PK NOSBO"]
[Site "Groningen, Netherlands"]
[Date "2023.05.18"]
[Round "1.9"]
[White "Pouw, Marcel"]
[Black "Hommes, Elmar"]
[Result "0-1"]
[TimeControl "90min + 30sec/move"]
[WhiteElo "1817"]
[BlackElo "2050"]

1. d4 d5 2. Nf3 Nf6 3. g3 Bf5 4. Bg2 h6 5. O-O e6 6. c4 c6 7. Nc3 Be7 8. Nd2 O-O 9. e4 dxe4 10. Ndxe4 Nbd7 11. Qb3 Qb6 12. Qxb6 axb6 13. Be3 Rfd8
14. h3 Nxe4 15. Nxe4 Nf6 16. Nc3 Bd3 17. d5 Bxf1 18. Kxf1 exd5 19.
Bxb6 Rd7 20. cxd5 Nxd5 21. Rd1 0-1

[Event "Weekendtournooi Groningen & PK NOSBO"]
[Site "Groningen, Netherlands"]
[Date "2023.05.18"]
[Round "1.10"]
[White "Clemens, Adrian"]
[Black "Koes, Richard"]
[Result "1-0"]
[TimeControl "90min + 30sec/move"]
[WhiteTitle "FM"]
[WhiteElo "2060"]
[BlackElo "1809"]

1. d4 Nf6 2. Nf3 b5 3. Bf4 Bb7 4. e3 a6 5. Nbd2 e6 6. Bd3 d6 7. O-O Nbd7 8. h3 Be7 9. c3 c5 10. a4 bxa4 11. Qxa4 O-O 12. Bh2 Nb6 13.
Qa5 Nfd7 14. Rfe1 Nb8 15. Qa2 N8d7 16. Qb1 h6 17. Qd1 Nf6 18. e4 Nh7 19. Qe2 a5 20. dxc5 dxc5 21. Red1 Qc8 22.
Ne5 Bd6 23. Ndf3 f6 24. Nc4 Bxh2+ 25. Nxh2 Nxc4 26. Bxc4 Qc6 27. f3 Ng5 28. e5 fxe5 29. Qxe5 Rf5 30. Qxf5 1-0

[Event "Weekendtournooi Groningen & PK NOSBO"]
[Site "Groningen, Netherlands"]
[Date "2023.05.18"]
[Round "1.11"]
[White "Aden, Dagmar"]
[Black "Aden, Tammo"]
[Result "1/2-1/2"]
[TimeControl "90min + 30sec/move"]
[WhiteElo "1739"]
[BlackElo "1998"]

1. e4 c6 2. d4 d5 3.
exd5 cxd5 4. c4 Nf6 5. Nf3 Nc6 6. Nc3 Bg4 7. cxd5 Nxd5 8. Be2 e6 9. O-O Be7 10.
Nxd5 Qxd5 11. Be3 O-O 12. a3 Rfd8 13. Qa4 a6 14. Rfd1 Rac8 15. Rd2 Na5 16. Rd3 Nc4 17. Qb3 Bf6 18.
h3 Bf5 19. Rc3 Nxe3 20. fxe3 Qxb3 21.
Rxb3 Be4 22. Rc3 Rxc3 23. bxc3 Rc8 24. Rc1 Be7 25. Nd2 Bg6 26. Nb1 b5 27. a4 bxa4 28. Bxa6 Rb8 29. Nd2 a3 30.
Ra1 Rb6 31. Bc4 h6 32. Kf2 Bc2 33. Ra2 Ba4 34. Bd3 Bb3 35. Ra1 Bd5 1/2-1/2

[Event "Weekendtournooi Groningen & PK NOSBO"]
[Site "Groningen, Netherlands"]
[Date "2023.05.19"]
[Round "2.1"]
[White "Maatman, Nick"]
[Black "Hommes, Elmar"]
[Result "1-0"]
[TimeControl "90min + 30sec/move"]
[WhiteTitle "IM"]
[WhiteElo "2348"]
[BlackElo "2050"]

1. d4 d5 2. c4 c6 3. Nf3 Nf6 4. g3 Bf5 5. Nc3 e6 6. Nh4 Be4 7. f3 Bg6 8. Qb3 Qb6 9. Nxg6 hxg6 10. c5 Qxb3 11. axb3 Nbd7 12. b4 a6 13. b5 cxb5 14. Nxb5 Rc8 15. Nc3 Be7 16. e3 O-O 17. b4 Rfe8 18.
Be2 Nb8 19. Kf2 Nfd7 20. Bd2 Bf6 21. Rhd1 Kh8 22. Be1 Nc6 23. Rab1 Ra8 24. b5 axb5 25. Nxb5 e5 26. dxe5 Rxe5 27.
Nd6 Kg8 28. Rxb7 Nxc5 29. Rc7 Re6 30. Rxc6 Nb7 31. Rc8+ Rxc8 32. Nxc8 Re8 33. Nb6 1-0

[Event "Weekendtournooi Groningen & PK NOSBO"]
[Site "Groningen, Netherlands"]
[Date "2023.05.19"]
[Round "2.2"]
[White "Zuiderweg, Edwin"]
[Black "De Boer, Eelke"]
[Result "0-1"]
[TimeControl "90min + 30sec/move"]
[BlackTitle "FM"]
[WhiteElo "1956"]
[BlackElo "2293"]

1. e4 e6 2. d4 d5 3. Nc3 Bb4 4. e5 c5 5. Bd2 Nh6 6.
Nb5 Bxd2+ 7. Qxd2 O-O 8. c3 f6 9. f4 fxe5 10. dxe5 Nf5 11. Bd3 a6 12. Bxf5 axb5 13. Bc2 Nc6 14. Nf3 Ne7 15. O-O Bd7 16.
Bxh7+ Kxh7 17. Ng5+ Kg8 18. Qd3 Rf5 19. g4 Rxg5 20. fxg5 Nc6 21. Qe3 Qe7 22. h4 d4 23. Qg3 dxc3 24.
bxc3 c4 25. Qe3 b4 26. h5 Ra5 27. g6 Nxe5 28. cxb4 Nxg4 29. Qg3 Rg5 30. Rf7 Ne5 31. Rxe7 Rxg3+ 32.
Kh2 Rd3 33. Rf1 Ng4+ 34. Kg1 Rg3+ 35. Kh1 Bc6+ 0-1

[Event "Weekendtournooi Groningen & PK NOSBO"]
[Site "Groningen, Netherlands"]
[Date "2023.05.19"]
[Round "2.3"]
[White "Basinas, Konstantinos"]
[Black "Keuning, Selwin"]
[Result "1/2-1/2"]
[TimeControl "90min + 30sec/move"]
[WhiteElo "1902"]
[BlackElo "2148"]

1. e4 c5 2. Nf3 e6 3. d4 cxd4 4.
Nxd4 Nc6 5. Nc3 Qc7 6. g3 a6 7. Bg2 Nf6 8. O-O Nxd4 9. Qxd4 Bc5 10. Qd3 Ng4 11. Qe2 h5 12. Bf4 Ne5 13. Kh1 b5 14. Bxe5 Qxe5 15. f4 Qc7 16. e5 Bb7 17. Ne4 Be7 18. Rac1 Rc8 19. Rfd1 h4 20. g4 h3 1/2-1/2

[Event "Weekendtournooi Groningen & PK NOSBO"]
[Site "Groningen, Netherlands"]
[Date "2023.05.19"]
[Round "2.4"]
[White "Hummel, Paul"]
[Black "Clemens, Adrian"]
[Result "1-0"]
[TimeControl "90min + 30sec/move"]
[BlackTitle "FM"]
[WhiteElo "2152"]
[BlackElo "2060"]

1. d4 d5 2. c4 e6 3. Nc3 c5 4.
e3 Nf6 5. Nf3 a6 6. cxd5 exd5 7. Bd3 Bd6 8. O-O O-O 9. dxc5 Bxc5 10. h3 Nc6 11. Ne2 Ne4 12. Ned4 Nxd4 13. exd4 Bd6 14. Re1 Nf6 15. Bg5 h6 16.
Bh4 Be6 17. Ne5 Be7 18. Ng6 fxg6 19. Rxe6 g5 20. Bg3 Ne4 21. Bxe4 dxe4 22. Qb3 Kh8 23. Rxe4 Bf6 24. Rd1 Qd7 25.
d5 Rad8 26. d6 Qf5 27. Qxb7 Bxb2 28. Re2 Bf6 29. d7 Kh7 30. Qd5 Kg6 31. Qxf5+ Kxf5 32. Rd5+ Kg6 33. Bc7 Ra8 34. Re6 Kf7 35.
Rxf6+ gxf6 36. d8=Q Rfxd8 37. Rxd8 Ra7 38. Ba5 1-0

[Event "Weekendtournooi Groningen & PK NOSBO"]
[Site "Groningen, Netherlands"]
[Date "2023.05.19"]
[Round "2.5"]
[White "Kardoeus, David"]
[Black "Kazarjan, Gachatur"]
[Result "1-0"]
[TimeControl "90min + 30sec/move"]
[WhiteElo "2158"]
[BlackElo "1906"]

1. e4 c5 2. Nf3 d6 3. d4 cxd4 4. Nxd4 Nf6 5. Nc3 Bd7 6. Bg5 e6 7. Qd2 Be7 8. Ndb5 Bxb5 9. Bxb5+ Nc6 10. O-O-O Qb6 11. Kb1 O-O 12. Be2 Rfd8 13. Be3 Qa5 14. g4 d5 15. exd5 Bb4 16. Qc1 exd5 17. Nb5 Nxg4 18. Bxg4 Qxb5 19. c3 Bf8 20. Rhg1 Rd6 21. Bf5 Ne7 22. Bd3 Qc6 23. Bd4 Rh6 24. Qg5 Ng6 25. f4 f6 26. Qg4 Re8 27. Bf5 Qd6 28. Bc2 Rh4 29. Qg3 Qxf4 30. Qg2 Qd6 31. h3 Nf4 32. Qg3 Rxh3 33. Qg4 Re2 34. Rh1 Rg2 35. Qf5 Rg5 36. Qc8 Rxh1 37. Rxh1 Qc6 38. Bxh7+ Kf7 39. Qb8 Nh5 40. Bd3 a6 41. Qd8 Be7 42.
Qh8 Nf4 43. Bh7 Qe8 44. Qxe8+ Kxe8 45. Bg8 Ne2 46. Be3 Rg3 47. Bf2 Rf3 48. Bb6 Rf5 49. Be6 Re5 50. Rh8+ Bf8 51. Bc8 Kf7 52.
Bxb7 g5 53. Bc7 Re7 54. Bxd5+ Kg7 55. Rg8+ Kh7 56. Rxf8 Rxc7 57. Rxf6 a5 58. Be4+ Kh8 59. Rf8+ Kg7 60. Rf5 Re7 61. Rxg5+ Kh6 62. Rg4 Re5 63. Bf3 1-0

[Event "Weekendtournooi Groningen & PK NOSBO"]
[Site "Groningen, Netherlands"]
[Date "2023.05.19"]
[Round "2.7"]
[White "Jacobs, Florian"]
[Black "Van De Poel, Taco"]
[Result "1-0"]
[TimeControl "90min + 30sec/move"]
[WhiteElo "2227"]
[BlackElo "1854"]

1. d4 Nf6 2. c4 g6 3. Nc3 d5 4.
cxd5 Nxd5 5. e4 Nxc3 6. bxc3 Bg7 7. Nf3 c5 8. Bb5+ Bd7 9. Rb1 O-O 10. O-O Bg4 11. Be3 Qa5 12. d5 Bxc3 13. Be2 Nd7 14. Rxb7 Rab8 15. Rb3 Rxb3 16. axb3 Qa2 17. h3 Bxf3 18. Bxf3 Rb8 19. Bg4 Nf6 20. Bxc5 Nxe4 21. Bxe7 f5 22. d6 Qxb3 23. Qxb3+ Rxb3 24. d7 Ba5 25. Be2 Rb8 26. Ra1 Bb6 27. Bc4+ Kg7 28. Ra2 Bd8 29. Bxd8 Rxd8 30. Rxa7 Kf6 31. Bb5 Ke7 32.
h4 Nf6 33. Kh2 Nxd7 34. Kg3 h6 35.
Kf4 Ke6 36. Bxd7+ Rxd7 37. Rxd7 Kxd7 38. h5 Ke7 39. hxg6 Kf6 40. g7 Kxg7 41. Kxf5 Kf7 42. f4 Kg7 43. Ke6 h5 44. f5 Kf8 45. Kf6 1-0

[Event "Weekendtournooi Groningen & PK NOSBO"]
[Site "Groningen, Netherlands"]
[Date "2023.05.19"]
[Round "2.8"]
[White "Klooster, Jim"]
[Black "Labruyere, Roger"]
[Result "0-1"]
[TimeControl "90min + 30sec/move"]
[WhiteElo "1887"]
[BlackElo "2169"]

1. e4 c5 2. Nf3 d6 3.
d4 cxd4 4. Nxd4 Nf6 5. Nc3 e6 6.
Be2 a6 7. a4 Be7 8. O-O O-O 9. Qd3 Nc6 10. Nxc6 bxc6 11. Qg3 Kh8 12. f4 Qb6+ 13. Kh1 d5 14. e5 Nd7 15. a5 Qc7 16.
Bd2 Rb8 17. Na4 Bb4 18. Bxb4 Rxb4 19. c3 Rb8 20. b4 c5 21. Nxc5 Nxc5 22. bxc5 Qxc5 23. c4 dxc4 24. Rfc1 Rb4 25. Qa3 Bb7 26. Bxc4 Rb8 27.
Be2 Qf2 28. Rg1 Qxe2 29. Qxb4 Bxg2+ 30. Rxg2 Qxg2+ 31. Kxg2 Rxb4 32. Rc1 h5 33. Kf3 Ra4 34. Rc5 Kh7 35. h4 Kg6 0-1

[Event "Weekendtournooi Groningen & PK NOSBO"]
[Site "Groningen, Netherlands"]
[Date "2023.05.19"]
[Round "2.9"]
[White "Aden, Tammo"]
[Black "Van Dijk, Ron"]
[Result "1-0"]
[TimeControl "90min + 30sec/move"]
[WhiteElo "1998"]
[BlackElo "1746"]

1. d4 b6 2. c4 Bb7 3. Nf3 e6 4.
g3 Nf6 5. Bg2 Be7 6. O-O O-O 7. Nc3 d5 8. cxd5 exd5 9. Qc2 Nbd7 10. Rd1 Ne4 11. Nxe4 dxe4 12. Ne5 Nf6 13. Nc6 Qd7 14.
Nxe7+ Qxe7 15. Bg5 Rac8 16. Rac1 Rfe8 17. Bh3 h6 18. Bxf6 Qxf6 19. Bxc8 Rxc8 20. Qd2 Qe6 21. Qf4 c6 22.
Rc3 Qxa2 23. Ra3 Qxb2 24. Rxa7 Qb3 25. Rf1 1-0

[Event "Weekendtournooi Groningen & PK NOSBO"]
[Site "Groningen, Netherlands"]
[Date "2023.05.19"]
[Round "2.10"]
[White "Ambrona Navarro, Himar"]
[Black "Westerlaan, Sander"]
[Result "0-1"]
[TimeControl "90min + 30sec/move"]
[WhiteElo "1833"]
[BlackElo "1960"]

1. d4 d5 2. c3 Nf6 3. Bf4 e6 4. e3 Bd6 5. Bg3 c5 6.
Bd3 O-O 7. Nf3 Qc7 8. Nbd2 Nbd7 9. Bxd6 Qxd6 10. O-O e5 11. dxc5 Nxc5 12. Bc2 e4 13. Nd4 Ng4 14. g3 Qh6 15.
h4 g5 16. Kg2 gxh4 17. Rh1 h3+ 18. Kg1 a5 19. Qf1 h2+ 20. Kg2 Nxe3+ 0-1

[Event "Weekendtournooi Groningen & PK NOSBO"]
[Site "Groningen, Netherlands"]
[Date "2023.05.19"]
[Round "2.11"]
[White "Huiskes, Mathijs"]
[Black "Bruggink, Tycho"]
[Result "0-1"]
[TimeControl "90min + 30sec/move"]
[WhiteElo "1746"]
[BlackElo "1873"]

1. Nf3 Nf6 2. e3 d5 3. c4 c6 4. Nc3 e6 5. b3 Bd6 6. Bb2 Nbd7 7. Qc2 O-O 8.
Be2 Qe7 9. O-O b6 10. Rfe1 Bb7 11. d3 c5 12. cxd5 exd5 13. Bf1 Rac8 14. Rad1 Ne5 15. Nxe5 Qxe5 16. g3 Qe7 17. Qe2 Rfe8 18. Bg2 Bc6 19. e4 d4 20. Nb1 Nd7 21. f4 f6 22. Nd2 b5 23. Rc1 Nb6 24. Qf2 Qb7 25. Ba3 Nd7 26. b4 cxb4 27. Bb2 Nc5 28. Qxd4 Qe7 29. e5 Bxg2 30. Kxg2 Qb7+ 31. Kg1 fxe5 32.
Qxd6 Red8 33. Qxe5 Nxd3 34. Qe6+ Kh8 35. Rxc8 Qxc8 36. Qxc8 Rxc8 37. Bxg7+ Kxg7 38. Re7+ Kg6 39. Rxa7 Rc1+ 40. Nf1 Ra1 41. Kg2 b3 42. Ra6+ Kf7 43. Nd2 Rxa2 44. Rxa2 bxa2 45. Nb3 Nc1 0-1

[Event "Weekendtournooi Groningen & PK NOSBO"]
[Site "Groningen, Netherlands"]
[Date "2023.05.19"]
[Round "3.1"]
[White "Hummel, Paul"]
[Black "Maatman, Nick"]
[Result "1/2-1/2"]
[TimeControl "90min + 30sec/move"]
[BlackTitle "IM"]
[WhiteElo "2152"]
[BlackElo "2348"]

1. d4 Nf6 2. c4 c5 3. d5 b5 4.
cxb5 a6 5. bxa6 g6 6. Nc3 Bg7 7. e4 O-O 8. Nf3 Qa5 9. Nd2 Bxa6 10. Bxa6 Qxa6 11. Qe2 d6 12. a4 Nbd7 13. Ra3 Rfb8 14.
Nb5 Ne8 15. Nc4 Qb7 16. O-O Nc7 17. Nxc7 Qxc7 18. b3 Ne5 19. Bd2 Qb7 20. Nxe5 Bxe5 21. Rb1 Qa6 22. Qxa6 Rxa6 23. b4 cxb4 24.
Rxb4 Rxb4 25. Bxb4 Rb6 26. Be1 Bd4 27. Kf1 Rb2 28.
a5 f6 29. Ra4 Bc5 30. f4 Kf7 31. Rc4 Ra2 32. e5 g5 33. e6+ Kg6 34. fxg5 fxg5 35. h4 Kf5 36. hxg5 Ke5 37. Rh4 Kxd5 38. Rxh7 Kxe6 39. g6 d5 40. Rh5 Bd4 41. Rg5 Bg7 42. Bb4 1/2-1/2

[Event "Weekendtournooi Groningen & PK NOSBO"]
[Site "Groningen, Netherlands"]
[Date "2023.05.19"]
[Round "3.4"]
[White "Keuning, Selwin"]
[Black "Huizinga, Egbert"]
[Result "1-0"]
[TimeControl "90min + 30sec/move"]
[WhiteElo "2148"]
[BlackElo "1772"]

1. e4 e5 2. Nf3 Nc6 3. d4 exd4 4. Nxd4 Nf6 5. Nxc6 bxc6 6. e5 Qe7 7. Qe2 Nd5 8. g3 g5 9. c4 Ba6 10. h4 Bg7 11. hxg5 Nb6 12. Rh4 O-O-O 13. Re4 Rhe8 14. Nd2 Na4 15.
f4 Nc5 16. Re3 d5 17. Qg4+ Kb8 18. cxd5 Rxd5 19. Bxa6 Nxa6 20. Qe2 Nb4 21. Ne4 Red8 22. a3 Nd3+ 23. Kf1 Qe6 24. Bd2 Qh3+ 25.
Qg2 Qf5 26. Kg1 Bf8 27. Be1 Nc5 28.
b4 Nxe4 29. Qxe4 Qxe4 30. Rxe4 Rd3 31.
Rc4 Kb7 32. Bf2 Rb3 33. Rc2 Rdd3 34. Kg2 Rxa3 35. Rac1 Bxb4 36. Rxc6 Ba5 37. f5 Ra2 38. R6c2 Rd2 39. Rxa2 Rxa2 40. Kf3 Bd2 41. Rh1 Ra3+ 42. Ke2 Bxg5 43. Rxh7 Ra5 44. Bd4 Ra4 45.
Kd3 Ra3+ 46. Ke4 Rxg3 47. Rxf7 Rg4+ 48. Kd5 Bh4 49. e6 Rg8 50. e7 Re8 51. f6 1-0

[Event "Weekendtournooi Groningen & PK NOSBO"]
[Site "Groningen, Netherlands"]
[Date "2023.05.19"]
[Round "3.5"]
[White "Van Huisstede, Alex"]
[Black "Jacobs, Florian"]
[Result "0-1"]
[TimeControl "90min + 30sec/move"]
[WhiteElo "1684"]
[BlackElo "2227"]

1. d4 Nf6 2. c4 e6 3. g3 d5 4. Bg2 Bb4+ 5. Bd2 Be7 6. Nf3 O-O 7. Qc2 Nbd7 8. O-O c6 9. b3 b6 10.
Nc3 Bb7 11. e4 dxe4 12. Nxe4 Nxe4 13. Qxe4 Nf6 14. Qe2 c5 15. dxc5 Bxc5 16. Bc3 Ne4 17. Bb2 Qe7 18. Rad1 Rad8 19.
Rxd8 Rxd8 20. Bc1 e5 21. Nh4 Nc3 22. Qg4 Bc8 23. Nf5 Bxf5 24. Qxf5 Ne2+ 25. Kh1 Nxc1 26. Rxc1 g6 27. Qc2 Rd4 28. Bd5 Kg7 29. Kg2 Qf6 30. Re1 Qg5 31. Re2 h5 32. Qc3 h4 33. h3 Bd6 34. Re4 hxg3 35. f4 Qf6 36. Qe3 Rxe4 37. Qxe4 exf4 38. Qe2 Bc5 39. Qd2 Be3 40. Qc2 Qa1 41.
Qe2 a5 42. h4 Qg1+ 43. Kh3 f5 44. Qc2 Qa1 45. h5 Qf6 46. hxg6 Kxg6 47. Qe2 Qh8+ 48. Kg2 Qh2+ 49. Kf1 Qg1# 0-1

[Event "Weekendtournooi Groningen & PK NOSBO"]
[Site "Groningen, Netherlands"]
[Date "2023.05.19"]
[Round "3.6"]
[White "Labruyere, Roger"]
[Black "De Vries, Arjan"]
[Result "1-0"]
[TimeControl "90min + 30sec/move"]
[WhiteElo "2169"]
[BlackElo "1592"]

1. e4 e5 2. Nf3 Nf6 3.
Nxe5 d6 4. Nf3 Nxe4 5. Nc3 Nxc3 6. dxc3 Be6 7. Be3 Qd7 8. Qd2 Nc6 9. Bb5 a6 10. Ba4 b5 11.
Bb3 Bxb3 12. axb3 Be7 13. c4 bxc4 14. bxc4 O-O 15. O-O Bf6 16.
c3 Ne5 17. Nxe5 Bxe5 18. Ra5 Qc6 19. Qe2 Rfb8 20. Rfa1 Qe4 21.
f3 Rxb2 22. Qxb2 Qxe3+ 23. Qf2 Qxc3 24. Qe2 Qd4+ 25. Kh1 Qb6 26.
c5 Qb7 27. Rd1 h6 28. cxd6 Bxd6 29. Rda1 Qb4 30. g3 Qc3 31. R1a2 Kh7 32. Qe4+ f5 33. Qxa8 c6 34. Kg2 f4 35. Qxa6 fxg3 36. hxg3 Qe1 37. Qd3+ 1-0

[Event "Weekendtournooi Groningen & PK NOSBO"]
[Site "Groningen, Netherlands"]
[Date "2023.05.19"]
[Round "3.7"]
[White "Jovanovic, Luka L"]
[Black "Aden, Tammo"]
[Result "0-1"]
[TimeControl "90min + 30sec/move"]
[WhiteElo "1384"]
[BlackElo "1998"]

1. d4 d5 2. c4 e6 3.
Nf3 Nf6 4. g3 Be7 5. Bg2 O-O 6. O-O dxc4 7. Ne5 Nc6 8. Nxc6 bxc6 9. e3 Ba6 10. Bxc6 Rb8 11. Qa4 Rb6 12. Rd1 Nd5 13.
e4 Nb4 14. d5 Bc5 15. dxe6 Qf6 16. exf7+ Kh8 17. e5 Qxf2+ 18. Kh1 Nxc6 19. Nd2 Nxe5 20. Qe8 Bb7+ 0-1

[Event "Weekendtournooi Groningen & PK NOSBO"]
[Site "Groningen, Netherlands"]
[Date "2023.05.19"]
[Round "3.8"]
[White "Bruggink, Tycho"]
[Black "Blokzijl, Ruben"]
[Result "1-0"]
[TimeControl "90min + 30sec/move"]
[WhiteElo "1873"]
[BlackElo "1454"]

1. e4 c6 2. Nc3 d5 3.
Nf3 dxe4 4. Nxe4 Bf5 5.
Ng3 Bg6 6. h4 h6 7. Ne5 Bh7 8. Qh5 g6 9. Qf3 f6 10. Bc4 fxe5 11. Qf7+ Kd7 12. Ne4 b6 13. Qe6+ Ke8 14. Qxe5 g5 15.
Qxh8 Bxe4 16. Qxg8 Bd5 17. Bxd5 Qxd5 18. Qxd5 cxd5 19. hxg5 hxg5 20. d3 Bg7 21. Bxg5 Bxb2 22. Rb1 Bc3+ 23. Ke2 Nc6 24. Be3 Kd7 25.
f4 Rf8 26. g4 e6 27. Rh7+ Ne7 28. d4 Kd6 29. Kd3 Ba5 30. c3 Nc6 31. Bc1 1-0

[Event "Weekendtournooi Groningen & PK NOSBO"]
[Site "Groningen, Netherlands"]
[Date "2023.05.19"]
[Round "3.9"]
[White "Van Den Heuvel, Annelies"]
[Black "Noordenbos, Daan"]
[Result "0-1"]
[TimeControl "90min + 30sec/move"]
[WhiteElo "1699"]
[BlackElo "2076"]

1. e4 e6 2. Nf3 d5 3. e5 c5 4.
b4 b6 5.
b5 Nd7 6. c3 Qc7 7. d4 a6 8. a4 axb5 9. Bxb5 Ba6 10. Na3 cxd4 11. cxd4 Bxa3 12. Bxa3 Bxb5 13. axb5 Qc3+ 14. Nd2 Rxa3 15.
Rc1 Qxd4 16. Rc8+ Ke7 17. O-O Rc3 18. Ra8 Qxe5 19. Nf3 Qf6 20. Nd4 g6 21. Nc6+ Kd6 22. Qa4 Ne7 23. Nd8 Rxd8 24. Rxd8 Nf5 25.
Qa8 Rc7 26. Qa3+ Rc5 27. Qa8 Qc3 28. Qb8+ Rc7 29. Qa8 Nd4 30. Qa6 Ne2+ 31. Kh1 Qc1 0-1

[Event "Weekendtournooi Groningen & PK NOSBO"]
[Site "Groningen, Netherlands"]
[Date "2023.05.19"]
[Round "3.10"]
[White "Hommes, Elmar"]
[Black "Buijnsters, Floris"]
[Result "1-0"]
[TimeControl "90min + 30sec/move"]
[WhiteElo "2050"]
[BlackElo "1599"]

1. c4 e6 2. Nf3 d5 3. d4 Nf6 4. Nc3 Be7 5. Qc2 O-O 6. e3 Nbd7 7. Be2 dxc4 8. Bxc4 c5 9. O-O cxd4 10.
exd4 Nb6 11. Bd3 Nbd5 12. a3 h6 13. Ne5 Bd7 14. Re1 Rc8 15. Qb3 Qc7 16. Bd2 b6 17. Ba6 Rcd8 18. Rac1 Qd6 19.
Bb5 Nxc3 20. Nxd7 Nxb5 21. Nxf6+ Bxf6 22. Qxb5 Qxd4 23. Bc3 Qf4 24. g3 Qg5 25. Qxg5 Bxg5 26. Rc2 Rd7 27. Re4 Be7 28.
Kg2 Rfd8 29. Rc4 Bc5 30. Rg4 g6 31. Bf6 Be7 32. Be5 Bf8 33. Bf6 Re8 34. Rd4 Rxd4 35. Bxd4 e5 36. Be3 g5 37.
g4 f6 38. Kf3 Kf7 39. Ke4 Ke6 40. Rc7 Re7 41. Rc6+ Kd7 42. Rxf6 Bg7 43. Rg6 Kc7 44. Bd2 Kd7 45. f3 Rf7 46.
Bc3 Rf4+ 47. Kd5 Bf8 48. Bxe5 Rxf3 49. Bg7 Bxg7 50. Rxg7+ Kc8 51. Rxa7 Rh3 52. Kc6 Kb8 53. Rb7+ Kc8 54. Rh7 Kb8 55. b4 Rxa3 56.
Kxb6 Kc8 57. Rxh6 1-0

[Event "Weekendtournooi Groningen & PK NOSBO"]
[Site "Groningen, Netherlands"]
[Date "2023.05.19"]
[Round "3.11"]
[White "Clemens, Adrian"]
[Black "Kingma, Lukas"]
[Result "1/2-1/2"]
[TimeControl "90min + 30sec/move"]
[WhiteTitle "FM"]
[WhiteElo "2060"]
[BlackElo "1518"]

1. d4 Nf6 2. Nf3 g6 3. c4 Bg7 4. Nc3 d6 5. e4 O-O 6. Be2 e5 7. O-O Nc6 8. d5 Ne7 9. b4 Nh5 10. Re1 f5 11. Bf1 Nf6 12. Ng5 c6 13.
Qb3 h6 14. Ne6 Bxe6 15. dxe6 Nxe4 16. Nxe4 fxe4 17. Rxe4 d5 18. cxd5 cxd5 19. Rh4 Qb6 20. Be3 Qxe6 21. Rd1 Kh7 22.
Rh3 Rad8 23. Bc5 b6 24. Bxe7 Qxe7 25. Re3 d4 26. Re4 Qf6 27. Qb2 Rc8 28. Bd3 Kh8 29. Rg4 g5 30. Qe2 h5 31.
Re4 Qh6 1/2-1/2